AoeStats
← Wlock

Arabia

510936696Analyzed
2v2 RM · 14h ago on Oct 3, 2026· 54m 7s· 4 players
Game mode
Random Map
Map size
Medium (4 player)
Population
200
Speed
Normal
Resources
Standard
Victory
Conquest
Starting age
Dark Age
Ending age
Imperial Age
RankedLock teamsTeams togetherTeam positionsShared explorationLock speedFull tech treeHidden civsTurbo modeCheats
Victory
Defeat
🇦🇷 Mapuche · Argentina
1415
+15
🇦🇺 Wei · Australia
1397
+16
🇨🇱 Ethiopians · Chile
1402
-16
🇨🇱 Franks · Chile
1375
-15
joaku
4:07 Loom
9:45 Feudal Age
10:15 Double-Bit Axe
16:48 Town Watch
21:43 Castle Age
21:17 Scale Barding Armor
23:06 Chain Barding Armor
23:42 Husbandry
27:09 Forging
29:15 Iron Casting
34:41 Gold Mining
34:42 Stone Mining
37:03 Bow Saw
37:30 Gold Shaft Mining
39:06 Wheelbarrow
39:28 Light Cavalry
41:41 Fletching
45:31 Imperial Age
43:02 Town Patrol
43:22 Hand Cart
45:34 Cavalier
47:28 Conscription
48:43 Blast Furnace
49:20 Plate Barding Armor
48:50 Paladin
Kerjo
6:48 Loom
10:26 Feudal Age
11:04 Double-Bit Axe
16:43 Fletching
16:53 Padded Archer Armor
19:35 Wheelbarrow
19:14 Horse Collar
22:21 Castle Age
21:36 Gold Mining
23:00 Bodkin Arrow
22:26 Crossbowman
25:01 Town Watch
25:42 Ballistics
26:40 Thumb Ring
27:05 Bow Saw
38:18 Leather Archer Armor
51:32 Imperial Age
50:21 Hand Cart
Donezo
7:00 Loom
9:00 Feudal Age
9:49 Champi Runner
15:22 Double-Bit Axe
16:25 Wheelbarrow
20:55 Castle Age
19:35 Forging
19:23 Horse Collar
19:35 Stone Mining
21:30 Fletching
24:17 Forging
25:33 Iron Casting
27:33 Bow Saw
31:19 Heavy Plow
33:47 Stone Shaft Mining
33:04 Gold Mining
38:02 Imperial Age
39:02 Malon
40:14 Bodkin Arrow
41:01 Padded Archer Armor
41:09 Elite Bolas Rider
43:09 Crop Rotation
44:09 Ballistics
46:54 Chemistry
46:10 Leather Archer Armor
47:24 Ring Archer Armor
Wlock
7:12 Loom
9:38 Feudal Age
10:04 Double-Bit Axe
10:01 Horse Collar
10:45 Horse Collar
16:34 Gold Mining
21:19 Castle Age
20:10 Bloodlines
19:52 Fletching
21:56 Bodkin Arrow
22:16 Bow Saw
22:08 Heavy Plow
22:47 Gold Shaft Mining
22:43 Husbandry
24:58 Padded Archer Armor
26:30 Wheelbarrow
27:43 Thumb Ring
27:56 Leather Archer Armor
31:18 Town Watch
39:46 Ballistics
43:16 Hand Cart
50:45 Town Patrol
54:43 Imperial Age
Connection lost

Rejoining the realm…

Still unreachable

The connection could not be restored.

Session expired

The server has moved on; the page needs a fresh start.